 Dungeon Crawl Stone Soup version 0.26-a0-520-g952f204493 (webtiles) character file.

Game seed: 10924086047420549074

0 Gargoyl the Skirmisher (level 1, -6/23 HPs)
             Began as a Gnoll Abyssal Knight on Aug 12, 2020.
             Was a Follower of Lugonu.
             Mangled by a tentacled starspawn (22 damage)
             ... on level 2 of the Abyss.
             The game lasted 00:00:19 (53 turns).

Gargoyl the Skirmisher (Gnoll Abyssal Knight)         Turns: 53, Time: 00:00:21

Health: -6/23      AC:  4    Str: 14    XL:     1   Next: 0%
Magic:  3/3        EV:  9    Int: 14    God:    Lugonu [*.....]
Gold:   49         SH:  0    Dex: 14    Spells: 0/0 levels left

rFire    . . .     SeeInvis .   a - +1 hand axe
rCold    . . .     Faith    .   (no shield)
rNeg     . . .     Spirit   .   b - +0 leather armour
rPois    .         Reflect  .   (no helmet)
rElec    .         Harm     .   (no cloak)
rCorr    .                      (no gloves)
MR       .....                  (no boots)
Stlth    +.........             (no amulet)
HPRegen  0.07/turn              (no ring)
MPRegen  0.08/turn              (no ring)

@: constricted
A: distributed training, fangs 1, rugged brown scales 1, mutation resistance 1,
strong nose
a: Depart the Abyss, Renounce Religion


You were on level 2 of the Abyss.
You worshipped Lugonu.
Lugonu was aware of your devotion.
You visited 0 branches of the dungeon, and saw 0 of its levels.
You visited the Abyss 1 time.

You collected 49 gold pieces.

Inventory:

Hand Weapons
 a - a +1 hand axe (weapon)
Armour
 b - a +0 leather armour (worn)


   Skills:
 + Level 6.4 Fighting
 + Level 0.0 Short Blades
 + Level 0.0 Long Blades
 + Level 4.4 Axes
 + Level 0.0 Maces & Flails
 + Level 0.0 Polearms
 + Level 0.0 Staves
 + Level 0.0 Slings
 + Level 0.0 Bows
 + Level 0.0 Crossbows
 + Level 0.0 Throwing
 + Level 4.4 Armour
 + Level 2.3 Dodging
 + Level 0.0 Stealth
 + Level 0.0 Shields
 + Level 0.0 Unarmed Combat
 + Level 0.0 Spellcasting
 + Level 0.0 Conjurations
 + Level 0.0 Hexes
 + Level 0.0 Summonings
 + Level 0.0 Necromancy
 + Level 0.0 Translocations
 + Level 0.0 Transmutations
 + Level 0.0 Fire Magic
 + Level 0.0 Ice Magic
 + Level 0.0 Air Magic
 + Level 0.0 Earth Magic
 + Level 0.0 Poison Magic
 + Level 4.4 Invocations
 + Level 0.0 Evocations


You couldn't memorise any spells.
You didn't know any spells.
Your spell library contained the following spells:

 Spells                   Type           Power        Failure   Level
 Summon Lightning Spire   Summ/Air       #.......     98%         4
 Silence                  Hex/Air        #.........   100%        5
 Conjure Ball Lightning   Conj/Air       #.........   100%        6
 Tornado                  Air            #.........   100%        9


Dungeon Overview and Level Annotations

Branches:
Dungeon (0/15)

Altars:


Innate Abilities, Weirdness & Mutations

Your experience applies equally to all skills.
You have very sharp teeth.
Your uncanny sense of smell can sniff out nearby items.
You are partially covered in rugged brown scales. (AC +1, +3% HP)
You are somewhat resistant to further mutation.


Message History

The ufetubus closely misses you. The ufetubus barely misses you.
The starspawn tentacle misses you.
There is a gateway leading deeper into the Abyss here.
The ufetubus misses you. The ufetubus hits you.
The ufetubus closely misses you. The ufetubus completely misses you.
The starspawn tentacle closely misses you.
The starspawn tentacle grabs you.
You stop descending the stairs.
The starspawn tentacle constricts you.
You escape the starspawn tentacle's grasp.
The ufetubus barely misses you.
The ufetubus hits you but does no damage.
The starspawn tentacle grabs you.
You stop descending the stairs.
The starspawn tentacle constricts you.
Unknown command.
The starspawn tentacle's grasp on you weakens, but your attempt to escape fails.
The ufetubus barely misses you. x2
The tentacled starspawn bites you but does no damage.
The tentacled starspawn engulfs you!!
Ouch! That really hurt!
You die...

#..# . .#..
#..##..... # # # .
..#.. .......#. .#
. .. # ..
.#..#....#..# . #
##.#....#....#w.##
# .....##.#.#*#.#
∆ .# ###...##w.#
.X. #..Λ...#... ∆
...##wwX#.# .## ..
#5@.#.# ..
......#...#.
#...#...#...# .##
#..#....# ...
#.### ##.# #. .# #
..


You could see a tentacled starspawn, 2 starspawn tentacles and an ufetubus.

Vanquished Creatures (others)
  2 starspawn tentacles (Abyss:2)
2 creatures vanquished.

Notes
Turn   | Place    | Note
-------+----------+-------------------------------------------
     0 | Abyss:1  | Gargoyl the Gnoll Abyssal Knight began the quest for the
                  | Orb.
     0 | Abyss:1  | Reached XP level 1. HP: 23/23 MP: 3/3
    38 | Abyss:2  | Gained mutation: You are somewhat resistant to further
                  | mutation. [potion of mutation]
    38 | Abyss:2  | Gained mutation: You are partially covered in rugged brown
                  | scales. (AC +1, +3% HP) [potion of mutation]
    41 | Abyss:2  | Noticed a tentacled starspawn
    47 | Abyss:2  | Noticed a large abomination
    53 | Abyss:2  | Mangled by a tentacled starspawn

Illustrated notes

Levels and vault maps discovered:
Abyss:2

Action                   || total
-------------------------++-------
  Use: Potion            ||     1
Armor: Leather armour    ||     2
Dodge: Dodged            ||    12

Table legend: (Time is in decaauts)
 A = Elapsed time spent in this place.
 B = Non-inter-level travel time spent in this place.
 C = Inter-level travel time spent in this place.
 D = Time resting spent in this place.
 E = Time spent auto-exploring this place.
 F = Levels seen in this place.
 G = Mean time per level.
                   A        B        C        D        E       F      G
               +--------+--------+--------+--------+--------+-----+--------+
         Total |     52 |     52 |      0 |      0 |     15 |   2 |   26.0 |
         Abyss |     52 |     52 |      0 |      0 |     15 |   2 |   26.0 |
               +--------+--------+--------+--------+--------+-----+--------+

Top non-repeatable levels by time:
 Abyss:2: 46 daAuts
 Abyss:1: 6 daAuts
